Map: Base du roi Sejong EC

Players

zidar - Winner!

  • Race: Zerg Zerg
  • League: Gold
  • Spawn Location: 11:00

ıŠıAD

  • Race: Protoss Protoss
  • League: Gold
  • Spawn Location: 5:00

VOD

Have the link to the VOD?

Description

Time

  • Played on: June 15, 2016, 3:29 p.m.
  • Length: 9:37
Show
View Real Time Build Order
Export as new Build Order

zidar Zerg - Winner!

Build Orders: Pool First 

Get SALT Encoding   

  12  0:01  Drone  
  13  0:12  Overlord  
  13  0:17  Drone  
  14  0:32  Drone x2  
  16  0:43  Spawning Pool  
  16  0:46  Drone  
  16  1:10  Hatchery  
  15  1:12  Drone  
  15  1:15  Extractor  
  16  1:18  Drone  
  16  1:34  Queen  
  16  1:35  Drone  
  19  1:40  Drone  
  20  1:48  Drone  
  21  1:54  Overlord  
  21  2:03  Drone  
  22  2:12  Queen  
  24  2:16  Metabolic Boost  
  23  2:32  Drone x4  
  27  2:45  Extractor  
  26  2:52  Lair  
  26  3:10  Drone  
  27  3:16  Drone x3  
  30  3:24  Pneumatized Carapace  
  30  3:39  Overlord x2  
  30  3:40  Overlord  
  30  3:43  Zergling x12  
  36  3:57  Evolution Chamber  
  35  4:02  Evolution Chamber  
  34  4:10  Drone x7  
  41  4:22  Hydralisk Den  
  38  4:52  Spore Crawler  
  38  4:53  Spore Crawler  
  38  4:59  Spore Crawler  
  33  5:01  Spore Crawler  
  31  5:12  Zergling x6  
  31  5:13  Zergling x14  
  40  5:17  Drone  
  41  5:33  Zergling x6  
  41  5:34  Zergling x6  
  47  5:40  Overlord  
  47  5:47  Overlord  
  47  6:07  Muscular Augments  
  47  6:11  Drone x8  
  44  6:55  Zergling x26  
  54  7:13  Overlord x2  
  54  7:14  Overlord x2  
  52  7:28  Hydralisk  
  52  7:29  Hydralisk  
  56  7:35  Hydralisk x2  
  60  7:37  Hatchery  
  60  7:43  Extractor  
  58  7:45  Extractor  
  58  7:46  Hydralisk x4  
  65  7:52  Hydralisk x3  
  69  8:26  Hydralisk x3  
  71  8:31  Overlord x3  
  71  8:32  Overlord  
  75  8:53  Drone x2  
  75  8:54  Drone x5  
Show
View Real Time Build Order
Export as new Build Order

ıŠıAD Protoss 

Build Orders: 1 Gate Expand, Phoenix Opening, Mass Phoenix 

Get SALT Encoding   

  12  0:01  Probe (Chrono Boost)  
  13  0:12  Probe (Chrono Boost)  
  14  0:17  Pylon  
  14  0:22  Probe (Chrono Boost)  
  15  0:36  Gateway  
  15  0:39  Probe (Chrono Boost)  
  16  0:44  Assimilator  
  17  0:50  Probe (Chrono Boost)  
  17  1:00  Probe (Chrono Boost)  
  18  1:21  Nexus  
  18  1:31  Cybernetics Core  
  18  1:35  Probe (Chrono Boost)  
  19  1:45  Probe (Chrono Boost)  
  20  1:48  Assimilator  
  20  1:58  Probe (Chrono Boost)  
  21  2:06  Pylon  
  21  2:12  Probe (Chrono Boost)  
  21  2:14  Warp Gate (Chrono Boost)  
  22  2:25  Mothership Core  
  24  2:30  Pylon  
  24  2:37  Assimilator  
  24  2:42  Stargate  
  24  2:44  Probe  
  24  2:46  Probe  
  26  2:58  Gateway  
  26  3:01  Probe  
  26  3:04  Probe  
  28  3:17  Stargate  
  28  3:19  Probe  
  28  3:21  Probe  
  29  3:30  Phoenix (Chrono Boost)  
  31  3:35  Probe  
  31  3:36  Probe  
  33  3:47  Probe  
  34  3:52  Phoenix (Chrono Boost)  
  36  4:02  Phoenix (Chrono Boost)  
  38  4:06  Probe x2  
  40  4:11  Assimilator  
  40  4:18  Probe x2  
  40  4:21  Pylon  
  42  4:26  Phoenix (Chrono Boost)  
  42  4:30  Probe x2  
  37  5:17  Probe x2  
  37  5:19  Phoenix x2 (Chrono Boost)  
  43  5:29  Probe x2  
  45  5:41  Probe x2  
  47  5:46  Phoenix x2 (Chrono Boost)  
  51  5:50  Gateway  
  51  5:53  Probe x2  
  53  6:05  Probe  
  54  6:12  Pylon  
  54  6:15  Pylon  
  51  7:25  Stalker  
  51  7:26  Stalker x2  
  57  7:30  Pylon  
  57  7:38  Probe x2  
  57  7:39  Pylon  
  59  7:50  Nexus  
  59  8:17  Stalker x3  
  63  8:33  Gateway  
  63  8:37  Gateway  
  63  8:39  Oracle x2 (Chrono Boost)  
  63  8:40  Gateway  
  69  8:44  Pylon  
  68  8:57  Zealot  
  70  9:03  Pylon  
  70  9:05  Pylon  
  70  9:06  Pylon  
  49  9:23  Zealot x2  
  49  9:24  Zealot  
Tags
 
Add a new tag
Caveats
  • Supply blocks, unpowered buildings, or Contaminate may cause inaccurate times.
  • Supply counts are checked every 10 seconds.